 Dungeon Crawl Stone Soup version 0.26-a0-712-ga5a9c9c9d0 (webtiles) character file.

Game seed: 10039027236200692060

66435 andy990 the Severer (level 15, -7/150 HPs)
             Began as a Hill Orc Berserker on Oct 28, 2020.
             Was a High Priest of Trog.
             Mangled by a naga warrior
             ... wielding a +0 battleaxe
              (9 damage)
             ... on level 1 of the Snake Pit on Oct 31, 2020.
             The game lasted 02:29:55 (25474 turns).

andy990 the Severer (Hill Orc Berserker)           Turns: 25474, Time: 02:29:55

Health: -7/150     AC: 26    Str: 25 (27) XL:     15   Next: 19%
Magic:  15/15      EV:  4    Int:  7      God:    Trog [*****.]
Gold:   1182       SH:  5    Dex: 10      Spells: 14/14 levels left

rFire    . . .     SeeInvis +   E - +3 battleaxe (flame)
rCold    + . .     Faith    .   (shield currently unavailable)
rNeg     . . .     Spirit   .   j - +4 plate armour {rC+}
rPois    +         Reflect  +   k - +1 helmet
rElec    .         Harm     .   B - +0 cloak
rCorr    .         Rampage  .   o - +0 pair of gloves
MR       +....                  (no boots)
Stlth    ..........             w - amulet of reflection
HPRegen  0.35/turn              g - +4 ring of protection
MPRegen  0.14/turn              c - ring of see invisible

@: lethally poisoned (-7 -> -7), berserk cooldown, slowed, constricted, very
heavily drained, very slow
A: hooves 2, poison resistance, MP-powered wands
a: Berserk, Trog's Hand, Brothers in Arms, Renounce Religion


You were on level 1 of the Snake Pit.
You worshipped Trog.
Trog was extremely pleased with you.
You visited 5 branches of the dungeon, and saw 21 of its levels.
You also visited: Ice Cave.

You collected 1227 gold pieces.
You spent 45 gold pieces at shops.

Inventory:

Hand Weapons
 x - a +0 battleaxe of freezing
 y - a +3 broad axe of flaming
 E - a +3 battleaxe of flaming (weapon)
 N - a +0 broad axe
 Q - a +8 great mace of flaming
 S - a +1 vorpal battleaxe
 W - a +2 battleaxe
Armour
 e - a scarf of shadows
 f - a +0 tower shield of cold resistance
 j - a +4 plate armour of cold resistance (worn)
 k - a +1 helmet (worn)
 o - a +0 pair of gloves (worn)
 B - a +0 cloak (worn)
 Z - a +0 plate armour
Jewellery
 a - an uncursed ring of ice
 c - a ring of see invisible (right hand)
 d - an uncursed ring of see invisible
 g - a +4 ring of protection (left hand)
 s - an uncursed ring of positive energy {unknown}
 u - an uncursed amulet of guardian spirit {unknown}
 w - an amulet of reflection (around neck)
 F - a +6 ring of dexterity
 I - an uncursed ring of poison resistance {unknown}
 M - an uncursed ring of protection from cold {unknown}
 R - a +4 ring of protection
Wands
 U - a wand of acid (4)
 Y - a wand of polymorph (6)
Scrolls
 b - 2 scrolls of identify
 l - 12 scrolls of remove curse
 m - 3 scrolls of noise {unknown}
 p - 6 scrolls of amnesia
 r - 7 scrolls of teleportation
 t - a scroll of enchant armour
 C - a scroll of torment {unknown}
 J - 3 scrolls of immolation {unknown}
 P - 3 scrolls of magic mapping
 X - 2 scrolls of fog {unknown}
Potions
 h - 2 potions of invisibility {unknown}
 i - 5 potions of heal wounds
 n - 3 potions of curing
 q - 4 potions of degeneration
 v - a potion of resistance
 z - 2 potions of ambrosia
 A - 5 potions of mutation
 D - a potion of lignification {unknown}
 H - a potion of cancellation {unknown}
 K - a potion of berserk rage
 L - a potion of might
 O - a potion of brilliance
 T - 2 potions of flight
 V - 2 potions of haste {unknown}
Miscellaneous
 G - a tin of tremorstones (3/3)


   Skills:
 * Level 18.4(13.1) Fighting
 - Level 20.0(14.5) Axes
 * Level 12.8(8.2) Armour
 - Level 1.5(0.0) Dodging
 - Level 5.7(1.8) Shields


You had 14 spell levels left.
You didn't know any spells.
Your spell library contained the following spells:

 Spells                   Type           Power        Failure   Level
 Magic Dart               Conj           #...         99%         1
 Blink                    Tloc           N/A          100%        2
 Call Imp                 Summ           #.......     100%        2
 Slow                     Hex            #.......     100%        2
 Conjure Flame            Conj/Fire      #.......     100%        3
 Mephitic Cloud           Conj/Pois/Air  #.......     100%        3


Dungeon Overview and Level Annotations

Branches:
Dungeon (15/15)            Temple (1/1) D:6            Lair (3/6) D:11
  Snake (1/4) Lair:2       Vaults (0/5) D:14         Depths (1/5) D:15
  IceCv (visited)
  Swamp: Lair:2-4    Shoals: Lair:2-4       Orc: D:9-12

Altars:
Ashenzari
Cheibriados
Dithmenos
Elyvilon
Fedhas
Gozag
Hepliaklqana
Kikubaaqudgha
Makhleb
Nemelex Xobeh
Okawaru
Qazlal
Ru
Sif Muna
Trog
Uskayaw
Vehumet
Wu Jian
Xom
Yredelemnul
Zin
The Shining One

Shops:
D:6 [


Innate Abilities, Weirdness & Mutations

You have hoof-like feet.
Your system is resistant to poisons. (rPois)
You expend magic power (3 MP) to strengthen your wands.


Message History

You kick the naga warrior.
The naga warrior is heavily wounded.
The naga warrior hits you with a +0 battleaxe!
* * * LOW HITPOINT WARNING * * *
The naga warrior constricts you. The naga spits poison at you.
The splash of poison hits you but does no damage.
You are poisoned.
You resist. The naga warrior spits poison at you.
The splash of poison hits you but does no damage.
You resist.
* * * LOW HITPOINT WARNING * * *
The naga warrior constricts you.
You slash the naga warrior! You burn the naga warrior!
Your kick misses the naga warrior.
The naga warrior is severely wounded.
You feel sick. The naga hits you but does no damage.
The naga warrior hits you with a +0 battleaxe!
You die...

.. ..
#"# #.
#.. #
#. #..
###.#.#
#..
^...#..
#.N###
#...#.
#.)@.#
#....
#N##.#
#. #
#.# #.
#.. #.
##.. #.
##. #.
.. ##
.#
###(###
.......


You could see a naga warrior (catching breath) and a naga (catching breath).

Vanquished Creatures
  Frances (D:13)
  A frost giant (IceCv)
  Snorg (D:14)
  Erolcha (D:13)
  Fannar (D:10)
  2 boulder beetles (Lair:2)
  3 hydras
  Harold (D:8)
  A naga warrior (Snake:1)
  A centaur warrior (D:15)
  An anaconda (Snake:1)
  A death knight (D:13)
  10 two-headed ogres
  3 death yaks (D:11)
  An ogre mage (D:14)
  Nergalle (D:11)
  A skeletal warrior (D:14)
  2 unseen horrors
  An orb spider (shapeshifter) (D:15)
  Pikel (D:6)
  An orc knight (D:15)
  10 ugly things
  2 manticores
  2 salamanders
  5 deep elf magi
  2 centaur zombies
  2 cyclopes
  Joseph (D:7)
  2 naga magi (Snake:1)
  A black mamba (Lair:2)
  2 ice statues (IceCv)
  2 cane toads
  5 kobold demonologists (D:11)
  A rime drake (Lair:1)
  A komodo dragon (Lair:1)
  An efreet (D:15)
  2 freezing wraiths
  2 ice devils (Lair:2)
  A merfolk (D:15)
  17 polar bears
  2 hornets
  A slime creature (D:14)
  5 blink frogs (Lair:2)
  A raiju (shapeshifter) (D:15)
  Grinder (D:4)
  A spriggan (Lair:2)
  3 wraiths
  2 wyverns
  A vampire (D:15)
  41 yaks
  A yak (shapeshifter) (D:14)
  3 basilisks
  4 vampire mosquitoes (D:13)
  Menkaure (D:6)
  5 nagas
  8 water moccasins
  2 acid dragons
  A hornet zombie (D:14)
  5 orc warriors
  6 sky beasts
  5 ice beasts
  A black bear (Lair:1)
  4 phantoms
  A boggart (D:14)
  A tengu (shapeshifter) (D:15)
  2 eyes of draining (D:14)
  21 wolves
  13 ogres
  7 centaurs
  2 lemures (D:6)
  6 big kobolds
  12 bullfrogs
  A wyvern zombie (D:9)
  8 jellies
  A hornet simulacrum (D:15)
  4 scorpions
  12 killer bees
  15 wights
  3 howler monkeys
  2 bullfrog zombies
  3 quasits
  A bullfrog skeleton (D:3)
  6 orc priests
  8 centaur skeletons
  4 hounds
  14 orc wizards
  Ijyb (D:3)
  Terence (D:3)
  5 worker ants
  A hound zombie (D:11)
  2 hound skeletons
  Robin (D:3)
  9 gnolls
  7 adders
  A shadow imp (D:5)
  A white imp (D:8)
  5 oozes (D:14)
  An adder zombie (D:6)
  2 worms
  5 dart slugs
  5 leopard geckos
  41 orcs
  5 giant cockroaches
  18 goblins
  8 hobgoblins
  7 jackals
  25 kobolds
  4 quokkas
  2 ball pythons
  9 bats
  6 frilled lizards
  A goblin zombie (D:6)
  A jackal skeleton (D:6)
  2 leopard gecko skeletons
  A quokka skeleton (D:4)
  A quokka zombie (D:6)
  7 rats
  A bush (Lair:2)
534 creatures vanquished.

Vanquished Creatures (collateral kills)
  Nessos (D:15)
  A deep elf archer (D:14)
  2 centaur skeletons (D:14)
  A big kobold (D:14)
5 creatures vanquished.

Vanquished Creatures (others)
  An unseen horror (D:13)
  A big kobold (D:8)
  A bullfrog skeleton (D:8)
  2 adders (D:8)
  3 kobolds
  22 fungi
  20 plants
50 creatures vanquished.

Grand Total: 589 creatures vanquished

Notes
Turn   | Place    | Note
-------+----------+-------------------------------------------
     0 | D:1      | andy990 the Hill Orc Berserker began the quest for the Orb.
     0 | D:1      | Reached XP level 1. HP: 19/19 MP: 1/1
    44 | D:1      | Reached XP level 2. HP: 23/27 MP: 2/2
   169 | D:1      | Found a broken altar of Ashenzari.
   299 | D:1      | Reached XP level 3. HP: 33/33 MP: 3/3
   670 | D:1      | Reached ** piety under Trog
  1026 | D:2      | Reached skill level 5 in Axes
  1213 | D:2      | Reached XP level 4. HP: 32/41 MP: 4/4
  1334 | D:2      | Found a faded altar of an unknown god.
  1721 | D:2      | Found a blossoming altar of Fedhas.
  2091 | D:2      | Reached skill level 5 in Fighting
  2366 | D:2      | Reached XP level 5. HP: 48/48 MP: 5/5
  2580 | D:3      | Noticed Robin
  2595 | D:3      | Killed Robin
  2667 | D:3      | Noticed Terence
  2686 | D:3      | Killed Terence
  2692 | D:3      | Reached *** piety under Trog
  2692 | D:3      | Reached skill level 6 in Axes
  3013 | D:3      | Reached XP level 6. HP: 53/56 MP: 6/6
  3186 | D:3      | Noticed Ijyb
  3220 | D:3      | Killed Ijyb
  3917 | D:4      | Noticed Grinder
  3934 | D:4      | Killed Grinder
  3934 | D:4      | Reached skill level 7 in Axes
  3934 | D:4      | Reached XP level 7. HP: 59/64 MP: 7/7
  4617 | D:4      | Reached skill level 8 in Axes
  4728 | D:4      | Found a basalt altar of Yredelemnul.
  4761 | D:4      | Reached XP level 8. HP: 65/73 MP: 8/8
  5361 | D:5      | Entered Level 5 of the Dungeon
  5387 | D:5      | Reached skill level 5 in Armour
  5972 | D:5      | Found a bloodstained altar of Trog.
  6151 | D:6      | Reached skill level 9 in Axes
  6162 | D:6      | Noticed Pikel
  6182 | D:6      | Killed Pikel
  6185 | D:6      | Noticed Menkaure
  6196 | D:6      | Killed Menkaure
  6196 | D:6      | Reached skill level 10 in Axes
  6196 | D:6      | Reached XP level 9. HP: 38/83 MP: 9/9
  6381 | D:6      | Found Anoarchot's Armour Boutique.
  6471 | D:6      | Bought a +0 cloak for 45 gold pieces
  6674 | D:6      | Found a shimmering altar of Xom.
  6677 | D:6      | Found a shimmering altar of Xom.
  6679 | D:6      | Found a shimmering altar of Xom.
  6680 | D:6      | Found a shimmering altar of Xom.
  6746 | D:6      | Reached **** piety under Trog
  6906 | D:6      | Found a staircase to the Ecumenical Temple.
  6935 | Temple   | Entered the Ecumenical Temple
  7164 | D:6      | Reached skill level 10 in Fighting
  7644 | D:7      | Reached skill level 11 in Axes
  7667 | D:7      | Noticed Joseph
  7692 | D:7      | Killed Joseph
  8672 | D:7      | Reached skill level 12 in Axes
  8672 | D:7      | Reached XP level 10. HP: 95/95 MP: 10/10
  8875 | D:7      | Found an opulent altar of Gozag.
  8875 | D:7      | Found a glowing silver altar of Zin.
  9527 | D:8      | Noticed Harold
  9542 | D:8      | Killed Harold
  9542 | D:8      | Reached skill level 13 in Axes
  9592 | D:8      | Found a radiant altar of Vehumet.
  9728 | D:8      | Reached ***** piety under Trog
  9833 | D:8      | Reached skill level 1 in Shields
 10678 | D:9      | Reached XP level 11. HP: 97/106 MP: 11/11
 10768 | D:9      | Reached skill level 14 in Axes
 11370 | D:10     | Entered Level 10 of the Dungeon
 11581 | D:10     | Found a blossoming altar of Fedhas.
 11676 | D:10     | Noticed a two-headed ogre
 11692 | D:10     | Killed a two-headed ogre
 12063 | D:10     | Found a white marble altar of Elyvilon.
 12065 | D:10     | Noticed Fannar
 12454 | D:10     | Killed Fannar
 12711 | D:11     | Noticed Nergalle
 12711 | D:11     | Noticed a two-headed ogre
 12731 | D:10     | Killed a two-headed ogre
 13018 | D:11     | Killed Nergalle
 13018 | D:11     | Reached skill level 15 in Axes
 13279 | D:11     | Found an ancient bone altar of Kikubaaqudgha.
 13344 | D:11     | Reached skill level 5 in Shields
 14070 | D:11     | You fall into a shaft and drop 2 floors!
 14211 | D:13     | Upgraded the game from 0.26-a0-708-g17f3b190f9 to
                  | 0.26-a0-712-ga5a9c9c9d0
 14265 | D:13     | Noticed a death knight
 14279 | D:13     | Reached XP level 12. HP: 118/118 MP: 12/12
 14294 | D:13     | Killed a death knight
 14300 | D:13     | Found a blossoming altar of Fedhas.
 14563 | D:13     | Noticed a two-headed ogre
 14579 | D:13     | Killed a two-headed ogre
 14579 | D:13     | Reached skill level 16 in Axes
 14718 | D:13     | Received a gift from Trog
 14719 | D:13     | Reached skill level 15 in Fighting
 14988 | D:13     | Noticed Frances
 14999 | D:13     | Noticed a sun demon
 15009 | D:13     | Killed Frances
 15009 | D:13     | Reached skill level 17 in Axes
 15771 | D:13     | Noticed Erolcha
 15778 | D:13     | Killed Erolcha
 16172 | D:14     | Reached skill level 18 in Axes
 16181 | D:14     | Found a shadowy altar of Dithmenos.
 16200 | D:14     | Noticed a two-headed ogre
 16206 | D:14     | Noticed an ogre mage
 16217 | D:14     | Killed a two-headed ogre
 16224 | D:14     | Killed an ogre mage
 16224 | D:14     | Reached XP level 13. HP: 126/126 MP: 10/13
 16284 | D:14     | Reached skill level 19 in Axes
 16584 | D:14     | Found a flagged portal.
 16777 | D:14     | Found a gate to the Vaults.
 16963 | D:14     | Noticed Snorg
 16970 | D:14     | Received a gift from Trog
 16970 | D:14     | Reached skill level 20 in Axes
 16979 | D:14     | Killed Snorg
 17236 | D:15     | Entered Level 15 of the Dungeon
 17483 | D:15     | Noticed Nessos
 17485 | D:15     | Killed Nessos
 17494 | D:15     | Found a gate leading to a gauntlet.
 18101 | D:15     | Found a burning altar of Makhleb.
 18468 | D:15     | Reached XP level 14. HP: 137/137 MP: 14/14
 18759 | D:15     | Found a staircase to the Depths.
 19098 | Depths:1 | Entered Level 1 of the Depths
 19246 | D:11     | Reached skill level 10 in Armour
 19248 | D:11     | Found a staircase to the Lair.
 19351 | D:11     | Gained mutation: You tend to lose your temper in combat. [a
                  | neqoxec]
 19765 | Lair:1   | Entered Level 1 of the Lair of Beasts
 21194 | Lair:2   | Found a frozen archway.
 21292 | IceCv    | Entered an ice cave
 21298 | IceCv    | Received a gift from Trog
 21950 | IceCv    | Noticed a frost giant
 21977 | IceCv    | Killed a frost giant
 22531 | IceCv    | Lost mutation: You tend to lose your temper in combat.
                  | [potion of mutation]
 22531 | IceCv    | Gained mutation: Your system is resistant to poisons.
                  | (rPois) [potion of mutation]
 22531 | IceCv    | Gained mutation: You have large cloven feet. [potion of
                  | mutation]
 22531 | IceCv    | Gained mutation: You expend magic power (3 MP) to
                  | strengthen your wands. [potion of mutation]
 22531 | IceCv    | Gained mutation: You have hoof-like feet. [potion of
                  | mutation]
 22985 | Lair:2   | Found a staircase to the Snake Pit.
 23649 | Lair:2   | Reached XP level 15. HP: 41/149 MP: 15/15
 25301 | Snake:1  | Entered Level 1 of the Snake Pit
 25473 | Snake:1  | HP: 7/150 [naga warrior/+0 battleaxe (16)]
 25473 | Snake:1  | HP: 2/150 [naga warrior/+0 battleaxe (5)]
 25474 | Snake:1  | Mangled by a naga warrior

Illustrated notes

Levels and vault maps discovered:
D:1:      roderic_chinese_lattice_arrival, layout_loops_ring,
          evilmike_ruin_ashenzari
D:2:      layout_basic, old_standard_altar,
          chequers_ecumenical_altar_simple_redux
D:3:      layout_loops_ring, uniq_robin, uniq_ijyb, uniq_terence
D:4:      layout_basic, yredelemnul_altar_generic, gup_sewer_entry_bowl,
          uniq_grinder
D:5:      layout_loops_ring, lightli_temple_of_fire
D:6:      layout_basic, xom_redecorated, minmay_temple_entry_water_ring,
          enter_ossuary_4, kennysheep_small_square, uniq_pikel, uniq_menkaure
D:7:      layout_loops_corners, grunt_temple_overflow_gold_and_silver,
          uniq_joseph
D:8:      layout_loops_ring, fiery_altar_vehumet, hex_medium, uniq_harold
D:9:      layout_small_grid
D:10:     layout_gridville, basic_altar, elyvilon_altar_5, uniq_fannar
D:11:     layout_irregular_city, dpeg_lair_monsters, basic_altar, uniq_nergalle
D:12:     layout_roguey, orc_0_dummy
D:13:     layout_stronghold, fedhas_altar_2, uniq_erolcha, uniq_frances
D:14:     lemuel_ice_spiral_2, layout_rooms,
          hangedman_vaults_entry_quadrant_bands, basic_altar, enter_bailey_2,
          minmay_misc_feat_hallway, hangedman_little_slice_of_home, uniq_snorg
D:15:     hangedman_depths_entry_try_elsewhere_first, layout_loops_ring,
          basic_altar, gauntlet_entry_generic, grunt_ministairs_1, uniq_nessos
Temple:   regret_index_temple_waves
Lair:1:   layout_chaotic_city
Lair:2:   layout_regular_city, minmay_snake_entry_guardpost_small,
          portal_ice_cave_demonic_guard, grunt_forest_large_clearing_hut,
          grunt_megastairs_4
Lair:3:   layout_misc_corridors, minmay_lair_oklob_chamber
Snake:1:  layout_rooms, serial_shops, nicolae_shop_overgrown_old_shop
Depths:1: minmay_stepped, layout_cave_shapes, grunt_hell_horde, serial_shops,
          shop, shop, shop_scrolls, nicolae_shop_trees, special_room
          [special_room_morgue], grunt_ministairs_9, nicolae_sextant,
          kennysheep_big_empty_room, hangedman_abyss_or_decor_jellyfish_corner,
          drop_trap, uniq_enchantress

Skill      XL: |  1  2  3  4  5  6  7  8  9 10 11 12 13 14 |
---------------+-------------------------------------------+-----
Fighting       | 4 5 6 7 9 11 12 14 15 16 18 | 18.4
Axes           | 5 6 7 8 10 12 13 15 18 20 | 20.0
Armour         | 3 4 5 6 9 12 | 12.8
Shields        | 2 5 |  5.7
Dodging        | |  1.5

Action                   |  1- 3 |  4- 6 |  7- 9 | 10-12 | 13-15 || total
-------------------------+-------+-------+-------+-------+-------++-------
Melee: Hand axe          |   113 |   251 |   333 |   285 |       ||   982
       Unarmed           |       |    22 |       |       |     1 ||    23
       War axe           |       |       |       |   266 |       ||   266
       Battleaxe         |       |       |       |   124 |   676 ||   800
       Kick              |       |       |       |       |    67 ||    67
Invok: Berserk           |       |     6 |     9 |    13 |    18 ||    46
       Trog's Hand       |       |       |     2 |       |     2 ||     4
       Brothers in Arms  |       |       |       |       |     2 ||     2
  Use: Scroll            |       |     3 |     9 |    10 |     6 ||    28
       Potion            |       |       |     1 |       |    11 ||    12
 Stab: Confused          |       |     1 |       |       |       ||     1
Armor: Ring mail         |    45 |    40 |       |       |       ||    85
       Scale mail        |       |    32 |    11 |       |       ||    43
       Chain mail        |       |       |   111 |    35 |       ||   146
       Plate armour      |       |       |       |   206 |   513 ||   719
Dodge: Dodged            |    81 |    93 |   100 |   141 |   192 ||   607
Block: Other             |       |       |    37 |    30 |   107 ||   174
       Reflection        |       |       |     4 |    11 |     2 ||    17
       Buckler           |       |       |       |   144 |       ||   144

Table legend: (Time is in decaauts)
 A = Elapsed time spent in this place.
 B = Non-inter-level travel time spent in this place.
 C = Inter-level travel time spent in this place.
 D = Time resting spent in this place.
 E = Time spent auto-exploring this place.
 F = Levels seen in this place.
 G = Mean time per level.
                   A        B        C        D        E       F      G
               +--------+--------+--------+--------+--------+-----+--------+
         Total |  25633 |  25053 |    580 |   9878 |   8404 |  22 | 1165.1 |
       Dungeon |  19663 |  19198 |    465 |   6848 |   7055 |  15 | 1310.9 |
        Temple |    146 |    134 |     12 |      0 |     81 |   1 |  146.0 |
          Lair |   3975 |   3873 |    102 |   2013 |    984 |   3 | 1325.0 |
     Snake Pit |    181 |    181 |      0 |     82 |      0 |   1 |  181.0 |
        Depths |      1 |      1 |      0 |      0 |      0 |   1 |    1.0 |
      Ice Cave |   1665 |   1665 |      0 |    934 |    284 |   1 | 1665.0 |
               +--------+--------+--------+--------+--------+-----+--------+

Top non-repeatable levels by time:
  Lair:2: 2906 daAuts
    D:13: 1958 daAuts
    D:15: 1923 daAuts
     D:4: 1799 daAuts
   IceCv: 1665 daAuts
    D:11: 1653 daAuts
     D:7: 1637 daAuts
    D:10: 1634 daAuts
     D:2: 1607 daAuts
    D:14: 1250 daAuts
     D:9: 1194 daAuts
     D:6: 1127 daAuts
  Lair:1: 1058 daAuts
     D:3: 1055 daAuts
     D:8: 1043 daAuts
